 Dungeon Crawl Stone Soup version 0.24.0-10-g970556be89 (webtiles) character file.

Game seed: 829612278243267017, levelgen mode: deterministic

36948 Lanoc the Brawler (level 13, -5/135 HPs)
             Began as a Troll Monk on Nov 3, 2019.
             Splashed by an acid blob's acid (6 damage)
             ... on level 5 of the Pits of Slime.
             The game lasted 00:32:54 (12151 turns).

Lanoc the Brawler (Troll Monk)                     Turns: 12151, Time: 00:32:54

Health: -5/135     AC: -4    Str: 22    XL:     13   Next: 55%
Magic:  0/21       EV: 17    Int:  4    God:
Gold:   963        SH:  0    Dex: 16    Spells: 12/12 levels left

rFire    . . .     SeeInvis .     - Unarmed
rCold    + . .     Gourm    +   (no shield)
rNeg     . . .     Faith    .   A - +2 robe {rC+}
rPois    +         Spirit   +   (helmet restricted)
rElec    .         Reflect  .   L - scarf {repulsion}
rCorr    .         Harm     .   (gloves unavailable)
MR       .....                  (boots unavailable)
Stlth    +.........             a - amulet of guardian spirit
HPRegen  0.72/turn              x - ring of magical power
MPRegen  0.17/turn              E - ring of poison resistance

@: confused, corroded, very slightly contaminated, repel missiles
A: large, unfitting armour, claws 3, dopey 1, fast metabolism 3, gourmand,
regeneration 1, shaggy fur 1, tough skin 3
a: no special abilities


You were on level 5 of the Pits of Slime.
You were full.

You visited 4 branches of the dungeon, and saw 20 of its levels.
You also visited: Ossuary.

You collected 1013 gold pieces.
You spent 50 gold pieces at shops.

Inventory:

Hand Weapons
 e - the +2 hunting sling of the Establishment {speed, rElec Str-3 Int+10 Stlth-}
   (You found it on level 6 of the Dungeon)

   Attacks with this weapon are significantly faster.
   It affects your strength (-3).
   It affects your intelligence (+10).
   It insulates you from electricity.
   It makes you less stealthy.
Armour
 i - a +1 cloak
 t - the +1 robe "Sienuylulor" {*Corrode +Blink rN+++ Dex+4 Stlth+}
   (You acquired it on level 9 of the Dungeon)

   It affects your dexterity (+4).
   It renders you almost immune to negative energy.
   It lets you blink.
   It may corrode you when you take damage.
   It makes you more stealthy.
 A - a +2 robe of cold resistance (worn)
 L - a scarf of repulsion (worn)
Jewellery
 a - an amulet of guardian spirit (around neck)
 x - a ring of magical power (left claw)
 E - a ring of poison resistance (right claw)
Wands
 y - a wand of digging (5)
 z - a wand of flame (19)
 B - a wand of paralysis (8)
 F - a wand of iceblast (3)
 J - a wand of disintegration (12)
Scrolls
 j - 2 scrolls of blinking
 m - 4 scrolls of amnesia
 r - 6 scrolls of remove curse
 s - a scroll of magic mapping
 v - 2 scrolls of enchant weapon
 C - a scroll of holy word
 H - a scroll of silence
 I - a scroll of fog
 K - 2 scrolls of identify
 M - a scroll of teleportation
 N - a scroll of fear
Potions
 c - 2 potions of mutation
 f - a potion of might
 g - a potion of resistance
 h - 6 potions of agility
 k - a potion of ambrosia
 l - a potion of degeneration
 n - 5 potions of invisibility
 o - 2 potions of curing
 p - a potion of cancellation
 q - 4 potions of haste
 u - 2 potions of flight
 D - a potion of lignification
 G - 3 potions of brilliance
 P - a potion of heal wounds
Comestibles
 b - 34 rations


   Skills:
 + Level 10.3 Fighting
 + Level 10.3 Dodging
 - Level 1.0 Stealth
 * Level 16.1 Unarmed Combat


You had 12 spell levels left.
You didn't know any spells.
Your spell library contained the following spells:

 Spells                   Type           Power        Failure   Level  Hunger
 Beastly Appendage        Tmut           #.....       50%         1    ##.....
 Confusing Touch          Hex            #.....       50%         1    ##.....
 Sticks to Snakes         Tmut           #.......     65%         2    ###....
 Confuse                  Hex            #.......     86%         3    ####...
 Gell's Gravitas          Tloc           #.........   86%         3    ####...
 Spider Form              Tmut/Pois      #.........   86%         3    ####...
 Ice Form                 Ice/Tmut       #.......     99%         4    #####..
 Petrify                  Tmut/Erth      #.......     99%         4    #####..
 Blade Hands              Tmut           #.........   100%        5    ######.
 Metabolic Englaciation   Hex/Ice        #.........   100%        5    ######.
 Yara's Violent Unravell  Hex/Tmut       #.........   100%        5    ######.


Dungeon Overview and Level Annotations

Branches:
Dungeon (9/15)             Temple (1/1) D:5            Lair (5/6) D:9
  Swamp (0/4) Lair:3        Snake (0/4) Lair:3        Slime (5/5) Lair:5
Ossuary (visited)
    Orc: D:9-12

Altars:
Ashenzari
Cheibriados
Dithmenos
Elyvilon
Fedhas
Gozag
Hepliaklqana
Kikubaaqudgha
Makhleb
Nemelex Xobeh
Okawaru
Qazlal
Ru
Sif Muna
Trog
Uskayaw
Vehumet
Wu Jian
Xom
Yredelemnul
Zin
The Shining One

Shops:
D:4 ?

Annotations:
D:3 1 runed translucent door, Crazy Yiuf
Lair:4 exclusion: oklob plant


Innate Abilities, Weirdness & Mutations

You are too large for most types of armour.
You have claws for hands.
Your metabolism is lightning-fast.
You like to eat raw meat.
Your natural rate of healing is unusually fast.
You are covered in fur. (AC +1)
You have extremely tough skin. (AC +3)
You are dopey. (Int -2)


Message History

You are splashed with acid!
* * * LOW HITPOINT WARNING * * *
Unknown command.
The golden eye turns its gaze towards you.
The golden eye blinks at you.
You are more confused.
The acid blob hits you!
* * * LOW HITPOINT WARNING * * *
The acid corrodes you!
You are splashed with acid!
* * * LOW HITPOINT WARNING * * *
The golden eye blinks at you. You resist with almost no effort.
The golden eye blinks at you.
You are more confused.
In your confused state, you trip and fall back down the stairs.
* * * LOW HITPOINT WARNING * * *
The acid blob hits you.
* * * LOW HITPOINT WARNING * * *
You are splashed with acid.
You die...

...................
G..........G.........
.....................
.......G.............
.....................
.....................
...........G.........
............JG.......
#..##.....§GJ@.......
##.#....GG......#
###.#.........##
###.#.#....##
####.#..## #####


You could see 2 acid blobs, an eye of draining, a floating eye and 5 golden
eyes.

Vanquished Creatures
  Rupert (Lair:5)
  Josephine (Lair:4)
  Fannar (Lair:1)
  3 hydras
  A two-headed ogre (D:6)
  Nergalle (Lair:2)
  An unseen horror (D:8)
  Pikel (D:5)
  A manticore (Lair:5)
  3 black mambas
  11 elephants
  Joseph (D:8)
  11 spiny frogs
  2 rime drakes (Lair:5)
  6 komodo dragons
  2 polar bears (Lair:4)
  A troll (D:9)
  2 tyrant leeches (Lair:3)
  7 blink frogs
  2 hornets (D:9)
  9 hippogriffs
  22 yaks
  Sigmund (D:4)
  3 wraiths (Lair:4)
  5 wyverns (Lair:5)
  Grum (Lair:1)
  4 basilisks
  Menkaure (D:4)
  A soldier ant (D:9)
  2 swamp worms (Lair:3)
  Duvessa (D:4)
  Edmund (D:4)
  14 water moccasins
  10 porcupines
  A hell hound (Lair:5)
  2 orc warriors
  An ice beast (D:6)
  Purgy (D:3)
  A sky beast (D:5)
  A slave (D:4)
  An eye of draining (Slime:5)
  A black bear (D:7)
  3 ogres
  2 phantoms
  9 wolves
  2 centaurs
  13 crocodiles
  Blork the orc (D:4)
  12 bullfrogs
  Dowan (D:4)
  A water moccasin zombie (D:6)
  4 scorpions
  6 killer bees (D:8)
  3 wights
  2 electric eels (Lair:1)
  3 howler monkeys
  3 crimson imps
  5 hounds
  A jelly (D:4)
  A bullfrog skeleton (D:5)
  7 orc priests
  12 orc wizards
  Jessica (D:2)
  7 worker ants
  A killer bee zombie (D:8)
  A big kobold zombie (Ossuary)
  A hound skeleton (D:7)
  A hound zombie (D:3)
  8 mummies (Ossuary)
  10 adders
  A shadow imp (D:7)
  A worm (D:2)
  A dart slug (D:4)
  3 leopard geckos
  34 orcs
  A ball python (Lair:3)
  3 giant cockroaches
  3 goblins
  8 hobgoblins
  7 jackals
  5 quokkas
  4 bats
  3 frilled lizards
  A gnoll zombie (Ossuary)
  5 hobgoblin zombies (Ossuary)
  2 kobolds (D:3)
  A leopard gecko zombie (D:6)
  An orc zombie (Ossuary)
  3 rats (D:3)
  A bush (Lair:3)
  2 plants (Lair:3)
354 creatures vanquished.

Vanquished Creatures (others)
  A howler monkey (D:5)
  A jackal (D:5)
  A bush (Lair:3)
  A butterfly (D:5)
  5 fungi
  6 plants
15 creatures vanquished.

Grand Total: 369 creatures vanquished

Notes
Turn   | Place    | Note
-------+----------+-------------------------------------------
     0 | D:1      | Lanoc the Troll Monk began the quest for the Orb.
     0 | D:1      | Reached XP level 1. HP: 22/22 MP: 0/0
   554 | D:1      | Reached XP level 2. HP: 29/29 MP: 1/1
   688 | D:2      | Reached XP level 3. HP: 34/36 MP: 2/2
   733 | D:2      | Noticed Jessica
   740 | D:2      | Killed Jessica
   740 | D:2      | Reached skill level 4 in Unarmed Combat
   871 | D:3      | Reached XP level 4. HP: 42/44 MP: 3/3
  1052 | D:3      | Reached XP level 5. HP: 52/53 MP: 4/4
  1102 | D:3      | Noticed Purgy
  1110 | D:3      | Killed Purgy
  1110 | D:3      | Reached skill level 5 in Unarmed Combat
  1115 | D:3      | Found a burning altar of Makhleb.
  1120 | D:3      | Found a shadowy altar of Dithmenos.
  1241 | D:3      | Found a runed translucent door.
  1242 | D:3      | Noticed Crazy Yiuf
  1330 | D:4      | Found a shattered altar of Ashenzari.
  1368 | D:4      | Noticed Edmund
  1386 | D:4      | Killed Edmund
  1386 | D:4      | Reached XP level 6. HP: 23/61 MP: 5/5
  1443 | D:4      | Noticed Sigmund
  1449 | D:4      | Killed Sigmund
  1449 | D:4      | Reached skill level 6 in Unarmed Combat
  1449 | D:4      | Reached XP level 7. HP: 56/70 MP: 6/6
  1537 | D:4      | Found Balocus's Magic Scroll Shop.
  1543 | D:4      | Bought a scroll of identify for 20 gold pieces
  1543 | D:4      | Bought a scroll of teleportation for 30 gold pieces
  1742 | D:4      | Noticed Duvessa
  1744 | D:4      | Noticed Dowan
  1754 | D:4      | Killed Duvessa
  1756 | D:4      | Killed Dowan
  1756 | D:4      | Reached skill level 7 in Unarmed Combat
  1924 | D:5      | Entered Level 5 of the Dungeon
  1924 | D:5      | Found a snail-covered altar of Cheibriados.
  1924 | D:5      | Noticed Menkaure
  1927 | D:5      | Noticed Blork the orc
  2052 | D:4      | Killed Menkaure
  2052 | D:4      | Reached XP level 8. HP: 7/79 MP: 7/7
  2167 | D:5      | Noticed Pikel
  2176 | D:4      | Killed Blork the orc
  2216 | D:5      | Killed Pikel
  2216 | D:5      | Reached skill level 5 in Fighting
  2216 | D:5      | Reached skill level 5 in Dodging
  2216 | D:5      | Reached skill level 8 in Unarmed Combat
  2539 | D:5      | Found a staircase to the Ecumenical Temple.
  2554 | Temple   | Entered the Ecumenical Temple
  2776 | D:5      | Reached skill level 9 in Unarmed Combat
  2776 | D:5      | Reached XP level 9. HP: 77/88 MP: 8/8
  2870 | D:5      | Found a sparkling altar of Nemelex Xobeh.
  2980 | D:6      | Got an iridescent hunting sling
  2981 | D:6      | Identified the +2 hunting sling of the Establishment
                  | {speed, rElec Str-3 Int+10 Stlth-} (You found it on level 6
                  | of the Dungeon)
  2989 | D:6      | Found a glowing silver altar of Zin.
  2989 | D:6      | Noticed an angel
  3144 | D:6      | Found a sand-covered staircase.
  3148 | Ossuary  | Entered an ossuary
  3481 | D:6      | Noticed a two-headed ogre
  3488 | D:6      | Killed a two-headed ogre
  3488 | D:6      | Reached skill level 10 in Unarmed Combat
  3637 | D:6      | Found a shimmering blue altar of Sif Muna.
  3864 | D:7      | Found a hide-covered altar of Uskayaw.
  3867 | D:7      | Noticed a +0 dagger
  3867 | D:7      | Noticed a -1 dagger
  4344 | D:8      | Reached XP level 10. HP: 77/100 MP: 9/9
  4537 | D:8      | Killed an unseen horror
  4537 | D:8      | Reached skill level 11 in Unarmed Combat
  4545 | D:8      | Noticed Joseph
  4908 | D:8      | Killed Joseph
  4990 | D:8      | Found a sacrificial altar of Ru.
  5246 | D:9      | Found an iron altar of Okawaru.
  5353 | D:9      | Found a staircase to the Lair.
  5353 | D:9      | Noticed a seven-headed hydra
  5366 | Lair:1   | Entered Level 1 of the Lair of Beasts
  5431 | Lair:1   | You fall into a shaft and drop 1 floor!
  5521 | Lair:1   | Noticed Fannar
  5534 | Lair:1   | Killed Fannar
  5601 | Lair:1   | Noticed a spiny frog
  5606 | Lair:1   | Reached skill level 12 in Unarmed Combat
  5610 | Lair:1   | Killed a spiny frog
  5630 | Lair:1   | Noticed a spiny frog
  5638 | Lair:1   | Killed a spiny frog
  5638 | Lair:1   | Reached XP level 11. HP: 99/109 MP: 5/10
  5668 | Lair:1   | Noticed Grum
  5693 | Lair:1   | Killed Grum
  6697 | Lair:2   | Reached skill level 13 in Unarmed Combat
  6850 | Lair:2   | Noticed Nergalle
  6950 | Lair:2   | Killed Nergalle
  7966 | Lair:3   | Noticed a seven-headed hydra
  8041 | Lair:4   | Reached XP level 12. HP: 36/122 MP: 3/11
  8511 | Lair:4   | Noticed Josephine
  8543 | Lair:4   | Killed Josephine
  8543 | Lair:4   | Reached skill level 14 in Unarmed Combat
  9241 | Lair:5   | Found a staircase to the Slime Pits.
  9255 | Slime:1  | Entered Level 1 of the Pits of Slime
  9255 | Slime:1  | Noticed a great orb of eyes
  9287 | Lair:5   | Noticed a six-headed hydra
  9482 | Lair:5   | Reached skill level 15 in Unarmed Combat
  9624 | Lair:5   | Noticed an eight-headed hydra
  9641 | Lair:5   | Reached XP level 13. HP: 117/133 MP: 12/12
  9944 | D:9      | Identified 2 scrolls of acquirement
  9968 | D:9      | Found a basalt altar of Yredelemnul.
  9992 | D:9      | Got a silken robe
 10003 | D:9      | Identified the +1 robe "Sienuylulor" {*Corrode +Blink rN+++
                  | Dex+4 Stlth+} (You acquired it on level 9 of the Dungeon)
 10891 | Lair:3   | Reached skill level 10 in Fighting
 10925 | Lair:3   | Found a staircase to the Snake Pit.
 10954 | Lair:3   | Reached skill level 10 in Dodging
 11248 | Lair:3   | Found a staircase to the Swamp.
 11573 | Lair:5   | Noticed Rupert
 11576 | Lair:5   | Paralysed by Rupert for 4 turns
 11663 | Lair:5   | Killed Rupert
 11663 | Lair:5   | Reached skill level 16 in Unarmed Combat
 12095 | Slime:1  | Gained mutation: You are dopey. (Int -2) [a shining eye]
 12097 | Slime:2  | Noticed an acid blob
 12102 | Slime:3  | Noticed an acid blob
 12102 | Slime:3  | Noticed an acid blob
 12133 | Slime:5  | Entered Level 5 of the Pits of Slime
 12133 | Slime:5  | Noticed an acid blob
 12137 | Slime:5  | Noticed an acid blob
 12150 | Slime:5  | HP: 3/135 [acid (7)]
 12151 | Slime:5  | HP: 1/135 [acid blob (1)]
 12151 | Slime:5  | Splashed by an acid blob's acid

Levels and vault maps discovered:
D:1:      saegor_arrival_simple_a, layout_loops_ring,
          wander_ebering_terrifying_dragon_lair
D:2:      layout_loops_corners, first_ration, st_stairs_14, uniq_jessica
D:3:      layout_basic, grunt_temple_overflow_open, uniq_crazy_yiuf_cottage,
          uniq_purgy
D:4:      layout_gridville, serial_shops, shop, cheibrodos_ashenzari_chains,
          uniq_edmund, uniq_duvessa, uniq_sigmund
D:5:      layout_rooms, nicolae_overflow_hidden_temple,
          minmay_temple_entry_butterflies, cheibriados_altar_1, uniq_pikel,
          uniq_menkaure, uniq_blork_the_orc
D:6:      layout_basic, zin_angel, lemuel_blue_sif_altar,
          nicolae_ossuary_entry_plus, minmay_misc_feat_four_crosses
D:7:      layout_cave_pools, dancing_weapons_uskayaw
D:8:      layout_cave_pools, kennysheep_mini, uniq_joseph
D:9:      layout_gridville, nicolae_overflow_crystal_walls, lair_entry_dummy,
          nrook_loot_triangle, hangedman_pestilent_swarm, grunt_ministairs_2,
          okawaru_metal_pillars_1_2
Temple:   nicolae_temple_figure_eight
Lair:1:   layout_regular_city, grunt_megastairs_1, infiniplex_staircase_pool_2,
          lemuel_fruit_tree, serial_bayou_shore_a, lemuel_fruit_fields,
          uniq_grum, uniq_fannar
Lair:2:   layout_chaotic_city, uniq_nergalle
Lair:3:   layout_regular_city, minmay_swamp_entry_worms,
          minmay_snake_entry_six_corridors, wad_woods_06, minivault_26
Lair:4:   layout_layer_cave, serial_bayou_pond_d, minmay_lair_oklob_chamber,
          lemuel_fruit_fields, uniq_josephine
Lair:5:   layout_gridlike, slime_dummy, special_room
          [special_room_mythical_zoo], uniq_rupert
Slime:1:  layout_caves, nicolae_slime_barrier
Slime:2:  layout_caves, nicolae_slime_phagocytosis
Slime:3:  layout_caves
Slime:4:  layout_caves
Slime:5

Skill      XL: |  1  2  3  4  5  6  7  8  9 10 11 12 13 |
---------------+----------------------------------------+-----
Unarmed Combat | 4 5 6 7 9 10 12 13 15 16 | 16.1
Fighting       | 3 4 5 6 7 8 9 10 | 10.3
Dodging        | 3 4 5 6 7 8 9 10 | 10.3
Stealth        | |  1.0

Action                   |  1- 3 |  4- 6 |  7- 9 | 10-12 | 13-15 || total
-------------------------+-------+-------+-------+-------+-------++-------
Melee: Unarmed           |    58 |    94 |   280 |   618 |   222 ||  1272
       Punch             |       |     1 |    18 |    59 |    20 ||    98
Evoke: Wand              |       |       |       |     2 |    25 ||    27
  Use: Scroll            |       |       |    14 |     9 |     7 ||    30
       Potion            |       |       |     1 |    11 |     4 ||    16
 Stab: Sleeping          |     1 |     2 |     2 |     1 |     1 ||     7
  Eat: Chunk             |    11 |     8 |    26 |    49 |    19 ||   113
Armor: Robe              |    18 |    27 |    75 |   134 |    47 ||   301
       Skin              |       |       |       |    54 |       ||    54
Dodge: Dodged            |    23 |    41 |   186 |   396 |   180 ||   826
       Deflected         |       |       |       |       |     4 ||     4
